Workbook

Sheet MAESTRO
A1: NRO. | B1: PRECEDENCIA | C1: CRITERIO DE ORDEN | D1: FUENTE | E1: TRATAMIENTO | F1: TRIBUNA | G1: NOMBRE COMPLETO | H1: NOMBRE | I1: APELLIDO PATERNO | J1: APELLIDO MATERNO | K1: ASISTENCIA | L1: CARGO | M1: OBSERVACIONES
A2: 1 | B2: 1 | C2: Coincidencia exacta PDF: Presidente de la República | D2: OPA | E2: Su Excelencia | F2: VIP | G2: Kast Kast, José Antonio | H2: José Antonio | I2: Kast | J2: Kast | K2: Pendiente | L2: Presidente de la República
A3: 2 | B3: 2 | C3: Coincidencia exacta PDF: Presidenta del Senado | D3: OPA | E3: Honorable Senador | F3: VIP | G3: Núñez Urrutia, Paulina | H3: Paulina | I3: Núñez | J3: Urrutia | K3: Pendiente | L3: Presidenta del Senado
A4: 3 | B4: 4 | C4: Coincidencia exacta PDF: Presidente de la Cámara de Diputados | D4: OPA | E4: Honorable Diputado | F4: VIP | G4: Alessandri Vergara, Jorge | H4: Jorge | I4: Alessandri | J4: Vergara | K4: Pendiente | L4: Presidente de la Cámara de Diputados
A5: 4 | B5: 5 | C5: Coincidencia exacta PDF: Ex Presidente de la República | D5: OPA | F5: VIP | G5: Frei Ruiz-Tagle, Eduardo | H5: Eduardo | I5: Frei | J5: Ruiz-Tagle | K5: Pendiente | L5: Ex Presidente de la República
A6: 5 | B6: 5 | C6: Coincidencia exacta PDF: Ex Presidente de la República | D6: OPA | F6: VIP | G6: Lagos Escobar, Ricardo | H6: Ricardo | I6: Lagos | J6: Escobar | K6: Pendiente | L6: Ex Presidente de la República
A7: 6 | B7: 5 | C7: Coincidencia exacta PDF: Ex Presidenta de la República | D7: OPA | F7: VIP | G7: Bachelet Jeria, Michelle | H7: Michelle | I7: Bachelet | J7: Jeria | K7: Pendiente | L7: Ex Presidenta de la República
A8: 7 | B8: 5 | C8: Coincidencia exacta PDF: Ex Presidente de la República | D8: OPA | F8: VIP | G8: Boric Font, Gabriel | H8: Gabriel | I8: Boric | J8: Font | K8: Pendiente | L8: Ex Presidente de la República
A9: 8 | B9: 10 | C9: Coincidencia exacta PDF: Presidenta del Tribunal Constitucional | D9: OPA | F9: VIP | G9: Marzi Muñoz, Daniela | H9: Daniela | I9: Marzi | J9: Muñoz | K9: Pendiente | L9: Presidenta del Tribunal Constitucional
A10: 9 | B10: 11 | C10: Coincidencia exacta PDF: Contralora General de la República | D10: OPA | E10: Contralora | F10: VIP | G10: Pérez Gutiérrez, Dorothy | H10: Dorothy | I10: Pérez | J10: Gutiérrez | K10: Pendiente | L10: Contralora General de la República
A11: 10 | B11: 12 | C11: Coincidencia exacta PDF: Fiscal Nacional del Ministerio Público | D11: OPA | E11: Fiscal | F11: VIP | G11: Valencia Vásquez, Ángel | H11: Ángel | I11: Valencia | J11: Vásquez | K11: Pendiente | L11: Fiscal Nacional del Ministerio Público
A12: 11 | B12: 16 | C12: Coincidencia exacta PDF: Ministro del Interior | D12: OPA | E12: Ministro | F12: VIP | G12: Alvarado Andrade, Claudio | H12: Claudio | I12: Alvarado | J12: Andrade | K12: Pendiente | L12: Biministro del Interior y Secretario General de Gobierno
A13: 12 | B13: 17 | C13: Coincidencia exacta PDF: Ministro de Relaciones Exteriores | D13: OPA | E13: Ministro | F13: VIP | G13: Pérez Mackenna, Francisco | H13: Francisco | I13: Pérez | J13: Mackenna | K13: Pendiente | L13: Ministro de Relaciones Exteriores
A14: 13 | B14: 18 | C14: Coincidencia exacta PDF: Ministro de Defensa Nacional | D14: OPA | E14: Ministro | F14: VIP | G14: Barros Tocornal, Fernando | H14: Fernando | I14: Barros | J14: Tocornal | K14: Pendiente | L14: Ministro de Defensa Nacional
A15: 14 | B15: 19 | C15: Coincidencia exacta PDF: Ministro de Hacienda | D15: OPA | E15: Ministro | F15: VIP | G15: Quiroz Castro, Jorge | H15: Jorge | I15: Quiroz | J15: Castro | K15: Pendiente | L15: Ministro de Hacienda
A16: 15 | B16: 20 | C16: Coincidencia PDF por cartera principal: Seguridad Pública / Transporte | D16: OPA | E16: Ministro | F16: VIP | G16: De Grange Concha, Louis | H16: Louis | I16: De Grange | J16: Concha | K16: Pendiente | L16: Biministro de Seguridad, Transporte y Telecomunicaciones
A17: 16 | B17: 23 | C17: Coincidencia PDF por cartera principal: Economía / Minería | D17: OPA | E17: Ministro | F17: VIP | G17: Mas Valdés, Daniel | H17: Daniel | I17: Mas | J17: Valdés | K17: NO | L17: Biministro de Minería, Economía y Turismo
A18: 17 | B18: 25 | C18: Coincidencia exacta PDF: Ministra de Educación | D18: OPA | E18: Ministro | F18: VIP | G18: Arzola González, María Paz | H18: María Paz | I18: Arzola | J18: González | K18: Pendiente | L18: Ministra de Educación
A19: 18 | B19: 34 | C19: Coincidencia exacta PDF: Ministra de Bienes Nacionales | D19: OPA | E19: Ministro | F19: VIP | G19: Parot Donoso, Catalina | H19: Catalina | I19: Parot | J19: Donoso | K19: Pendiente | L19: Ministra de Bienes Nacionales
A20: 19 | B20: 35 | C20: Coincidencia exacta PDF: Ministra de Energía | D20: OPA | E20: Ministro | F20: VIP | G20: Rincón González, Ximena | H20: Ximena | I20: Rincón | J20: González | K20: Pendiente | L20: Ministra de Energía
A21: 20 | B21: 36 | C21: Coincidencia exacta PDF: Ministra del Medio Ambiente | D21: OPA | E21: Ministro | F21: VIP | G21: Toledo Echegaray, Francisca | H21: Francisca | I21: Toledo | J21: Echegaray | K21: Pendiente | L21: Ministra del Medio Ambiente
... A23: 22 | B23: 40 | C23: Coincidencia exacta PDF: Ministra de Ciencia, Tecnología, Conocimiento e Innovación | D23: OPA | E23: Ministro | F23: VIP | G23: Lincolao Gates, Ximena | H23: Ximena | I23: Lincolao | J23: Gates | K23: Pendiente | L23: Ministra de Ciencia, Tecnología, Conocimiento e Innovación
A24: 23 | D24: OPA | E24: Vicealmirante | F24: VIP | H24: Julio | I24: Cacho | J24: Morán | K24: Pendiente | L24: Jefe del Estado Mayor de la Armada de Perú
A25: 24 | B25: 43 | C25: Categoría PDF: Embajadores Extranjeros (orden interno diplomático no informado) | D25: OPA | E25: Excelentísima | F25: VIP | G25: Andrade Abdo, Lotty Farah | H25: Lotty Farah | I25: Andrade | J25: Abdo | K25: Pendiente | L25: Embajadora de Ecuador en Chile
A26: 25 | B26: 43 | C26: Categoría PDF: Embajadores Extranjeros (orden interno diplomático no informado) | D26: OPA | E26: Excelentísima | F26: VIP | G26: Biagiotti, Valeria | H26: Valeria | I26: Biagiotti | K26: Pendiente | L26: Embajadora de Italia en Chile
A27: 26 | B27: 43 | C27: Categoría PDF: Embajadores Extranjeros (orden interno diplomático no informado) | D27: OPA | E27: Excelentísima | F27: VIP | G27: Camino Cannock, Peter | H27: Peter | I27: Camino | J27: Cannock | K27: Pendiente | L27: Embajador de Perú en Chile
A28: 27 | B28: 43 | C28: Categoría PDF: Embajadores Extranjeros (orden interno diplomático no informado) | D28: OPA | E28: Excelentísima | F28: VIP | G28: Concar, David | H28: David | I28: Concar | K28: Pendiente | L28: Embajador del Reino Unido de Gran Bretaña e Irlanda del Norte en Chile
A29: 28 | D29: OPA | E29: Excelentísima | F29: VIP | H29: Laura | I29: Moreno | J29: Rodriguez | K29: Pendiente | L29: Embajadora de Mexico en Chile
A30: 29 | D30: OPA | E30: Excelentísima | F30: VIP | H30: Ahmet | I30: Ihsan | J30: Kiziltan | K30: Pendiente | L30: Embajadora de Turquia en Chile
A31: 30 | D31: OPA | E31: Excelentísima | F31: VIP | H31: Ana Inés | I31: Rocanova | J31: Rodríguez | K31: Pendiente | L31: Embajadora de la República Oriental del Uruguay en Chile
A32: 31 | D32: OPA | E32: Excelentísima | F32: VIP | H32: Niu | I32: Qingbao | K32: Pendiente | L32: Embajador de la República Popular China en Chile
A33: 32 | D33: OPA | E33: Excelentísima | F33: VIP | H33: Kenko | I33: Sone | K33: Pendiente | L33: Embajadora de Japón en Chile
A34: 33 | D34: OPA | E34: Excelentísima | F34: VIP | H34: Juan Alberto | I34: Cohen | J34: Sander | K34: Pendiente | L34: Embajadora de Republica Dominicana en Chile
A35: 34 | D35: OPA | E35: Excelentísima | F35: VIP | H35: Hak | I35: Jae Kim | K35: Pendiente | L35: Embajadora de Corea en Chile
A36: 35 | D36: OPA | E36: Excelentísima | F36: VIP | H36: Antonio | I36: Rivas | J36: Palacio | K36: Pendiente | L36: Embajadora de Paraguay en Chile
A37: 36 | D37: OPA | E37: Excelentísima | F37: VIP | H37: Peleg | I37: Lewi | K37: Pendiente | L37: Embajadora de Israel en Chile
A38: 37 | D38: OPA | E38: Excelentísima | F38: VIP | H38: Susanne | I38: Fries-Gaier | K38: Pendiente | L38: Embajadora de Alemania en Chile
A39: 38 | B39: 43 | C39: Categoría PDF: Embajadores Extranjeros (orden interno diplomático no informado) | D39: OPA | E39: Excelentísima | F39: VIP | G39: El Ghali Ghali, Kenza | H39: Kenza | I39: El Ghali | J39: Ghali | K39: Pendiente | L39: Embajadora de Marruecos en Chile
A40: 39 | B40: 43 | C40: Categoría PDF: Embajadores Extranjeros (orden interno diplomático no informado) | D40: OPA | E40: Excelentísima | F40: VIP | G40: Faurie, Jorge | H40: Jorge | I40: Faurie | K40: Pendiente | L40: Embajador de Argentina en Chile
A41: 40 | B41: 43 | C41: Categoría PDF: Embajadores Extranjeros (orden interno diplomático no informado) | D41: OPA | E41: Excelentísima | F41: VIP | G41: Guanumen Parra, Sebastián | H41: Sebastián | I41: Guanumen | J41: Parra | K41: Pendiente | L41: Embajador de Colombia en Chile
A42: 41 | B42: 43 | C42: Categoría PDF: Embajadores Extranjeros (orden interno diplomático no informado) | D42: OPA | E42: Excelentísima | F42: VIP | G42: Guay Guay, Karolina Linda | H42: Karolina Linda | I42: Guay | J42: Guay | K42: Pendiente | L42: Embajadora de Canadá en Chile
A43: 42 | B43: 43 | C43: Categoría PDF: Embajadores Extranjeros (orden interno diplomático no informado) | D43: OPA | E43: Excelentísima | F43: VIP | G43: Judd, Brandon | H43: Brandon | I43: Judd | K43: Pendiente | L43: Embajador de Estados Unidos de América en Chile
A44: 43 | B44: 43 | C44: Categoría PDF: Embajadores Extranjeros (orden interno diplomático no informado) | D44: OPA | E44: Excelentísima | F44: VIP | G44: Oroz Ulibarri, Laura | H44: Laura | I44: Oroz | J44: Ulibarri | K44: Pendiente | L44: Embajadora de España en Chile
A45: 44 | B45: 43 | C45: Categoría PDF: Embajadores Extranjeros (orden interno diplomático no informado) | D45: OPA | E45: Excelentísima | F45: VIP | G45: Rogeau, Cyrille | H45: Cyrille | I45: Rogeau | K45: Pendiente | L45: Embajador de Francia en Chile
A46: 45 | B46: 43 | C46: Categoría PDF: Embajadores Extranjeros (orden interno diplomático no informado) | D46: OPA | E46: Excelentísima | F46: VIP | G46: Soares Pacheco, Paulo | H46: Paulo | I46: Soares | J46: Pacheco | K46: Pendiente | L46: Embajador de Brasil en Chile
A47: 46 | B47: 44 | C47: Coincidencia exacta PDF: Comandante en Jefe del Ejército | D47: OPA | E47: General | F47: VIP | G47: Varela Sabando, Pedro | H47: Pedro | I47: Varela | J47: Sabando | K47: Pendiente | L47: Comandante en Jefe del Ejército
A48: 47 | B48: 46 | C48: Coincidencia exacta PDF: Comandante en Jefe de la Fuerza Aérea | D48: OPA | E48: General | F48: VIP | G48: Rodríguez González, Hugo | H48: Hugo | I48: Rodríguez | J48: González | K48: Pendiente | L48: Comandante en Jefe de la Fuerza Aérea de Chile
A49: 48 | B49: 47 | C49: Coincidencia exacta PDF: General Director de Carabineros de Chile | D49: OPA | E49: General Director | F49: VIP | G49: Araya Zapata, Marcelo | H49: Marcelo | I49: Araya | J49: Zapata | K49: Pendiente | L49: General Director de Carabineros de Chile
A50: 49 | B50: 48 | C50: Coincidencia exacta PDF: Director General PDI | D50: OPA | E50: Director General | F50: VIP | G50: Cerna Lozano, Eduardo | H50: Eduardo | I50: Cerna | J50: Lozano | K50: Pendiente | L50: Director General de la Policía de Investigaciones de Chile
A51: 50 | B51: 49 | C51: Coincidencia exacta PDF: Jefe del Estado Mayor Conjunto | D51: OPA | E51: General | F51: VIP | G51: Romanini Gutiérrez, Leonardo | H51: Leonardo | I51: Romanini | J51: Gutiérrez | K51: Pendiente | L51: Jefe del Estado Mayor Conjunto de las Fuerzas Armadas
A52: 51 | B52: 52 | C52: Categoría PDF: Senadoras y Senadores; orden interno alfabético | D52: OPA | E52: Honorable Senador | F52: VIP | G52: Araya Guerrero, Pedro | H52: Pedro | I52: Araya | J52: Guerrero | K52: Pendiente | L52: Comisión de Defensa Nacional
A53: 52 | B53: 52 | C53: Categoría PDF: Senadoras y Senadores; orden interno alfabético | D53: OPA | E53: Honorable Senador | F53: VIP | G53: Carvajal Ambiado, Loreto | H53: Loreto | I53: Carvajal | J53: Ambiado | K53: Pendiente | L53: Circunsripción Zona Ñuble
A54: 53 | B54: 52 | C54: Categoría PDF: Senadoras y Senadores; orden interno alfabético | D54: OPA | E54: Honorable Senador | F54: VIP | G54: Cruz-Coke Carvallo, Luciano | H54: Luciano | I54: Cruz-Coke | J54: Carvallo | K54: Pendiente | L54: Comisión de Desafíos del Futuro, Ciencia, Tecnología e Innovación
A55: 54 | B55: 52 | C55: Categoría PDF: Senadoras y Senadores; orden interno alfabético | D55: OPA | E55: Honorable Senador | F55: VIP | G55: Edwards Silva, Rojo | H55: Rojo | I55: Edwards | J55: Silva | K55: Pendiente | L55: Presidente de la Comisión de Desafíos del Futuro, Ciencia, Tecnología e Innovación
A56: 55 | B56: 52 | C56: Categoría PDF: Senadoras y Senadores; orden interno alfabético | D56: OPA | E56: Honorable Senador | F56: VIP | G56: Huenchumilla Jaramillo, Francisco | H56: Francisco | I56: Huenchumilla | J56: Jaramillo | K56: Pendiente | L56: Presidente Comisión de Defensa Nacional Cir. 11
A57: 56 | B57: 52 | C57: Categoría PDF: Senadoras y Senadores; orden interno alfabético | D57: OPA | E57: Honorable Senador | F57: VIP | G57: Keitel Bianchi, Sebastián | H57: Sebastián | I57: Keitel | J57: Bianchi | K57: Pendiente | L57: Circunscripción 10 Región Biobío
... A113: 112 | B113: 117 | C113: Coincidencia PDF: Rector PUC | D113: OPA | E113: Rector | F113: VIP | G113: De la Llera Martin, Juan Carlos | H113: Juan Carlos | I113: De la Llera | J113: Martin | K113: Pendiente | L113: Rector Puc
A114: 113 | B114: 134 | C114: Coincidencia exacta PDF: Vicepresidente Ejecutivo CORFO | D114: OPA | F114: VIP | G114: Mujica Castro, José Ignacio | H114: José Ignacio | I114: Mujica | J114: Castro | K114: Pendiente | L114: Vicepresidente Corfo
A115: 114 | B115: 150 | C115: Categoría PDF: Rectores de Universidades | D115: OPA | E115: Rector | F115: VIP | G115: Dettloff Beros, Carlos | H115: Carlos | I115: Dettloff | J115: Beros | K115: Pendiente | L115: Director de Fronteras y Límites
A116: 115 | B116: 150 | C116: Categoría PDF: Rectores de Universidades | D116: OPA | E116: Rector | F116: VIP | G116: Llodrá Vial, José Ignacio | H116: José Ignacio | I116: Llodrá | J116: Vial | K116: Pendiente | L116: Subdirector de Racionalización y Función Pública
A117: 116 | B117: 150 | C117: Categoría PDF: Rectores de Universidades | D117: OPA | E117: Rector | F117: VIP | G117: López Lara, Andrés | H117: Andrés | I117: López | J117: Lara | K117: Pendiente | L117: Director Instituto Antártico Chileno
A118: 117 | B118: 150 | C118: Categoría PDF: Rectores de Universidades | D118: OPA | E118: Rector | F118: VIP | G118: Zapata González, Elizabeth | H118: Elizabeth | I118: Zapata | J118: González | K118: Pendiente | L118: Directora Desarrollo Tecnológico Corfo y Directora Ejecutiva Comité de Construcción Naval
A119: 118 | B119: 158 | C119: Categoría PDF: Jefes de Servicios Públicos / directivos; revisar equivalencia exacta | D119: OPA | F119: VIP | G119: Browne Hurtado, Santiago | H119: Santiago | I119: Browne | J119: Hurtado | K119: Pendiente | L119: Gerente de Asuntos Estratégicos (S) de Corfo
A120: 119 | B120: 158 | C120: Categoría PDF: Jefes de Servicios Públicos / directivos; revisar equivalencia exacta | D120: OPA | F120: VIP | G120: Bustos, Óscar | H120: Óscar | I120: Bustos | K120: Pendiente | L120: Jefe División de Desarrollo Tecnológico e Industria Consejo Directivo de Construcción Naval
A121: 120 | B121: 158 | C121: Categoría PDF: Jefes de Servicios Públicos / directivos; revisar equivalencia exacta | D121: OPA | F121: VIP | G121: Carrasco, Patricio | H121: Patricio | I121: Carrasco | K121: Pendiente | L121: Jefe del Departamento de Investigación Desarrollo e Innovación Consejo Directivo de Construcción Naval
A122: 121 | B122: 158 | C122: Categoría PDF: Jefes de Servicios Públicos / directivos; revisar equivalencia exacta | D122: OPA | F122: VIP | G122: Hentzschel, Fernando | H122: Fernando | I122: Hentzschel | K122: Pendiente | L122: Gerente de Capacidades Tecnológicas Consejo Directivo de Construcción Naval
A123: 122 | B123: S/P | C123: Sin precedencia nacional directa en el PDF; revisar manualmente | D123: OPA | F123: VIP | G123: Arancibia Reyes, Jorge Patricio | H123: Jorge Patricio | I123: Arancibia | J123: Reyes | K123: Pendiente | L123: Ex - Comandante en Jefe de la Armada
A124: 123 | B124: S/P | C124: Sin precedencia nacional directa en el PDF; revisar manualmente | D124: OPA | E124: Ministro | F124: VIP | G124: Burgos Varela, Jorge | H124: Jorge | I124: Burgos | J124: Varela | K124: Pendiente | L124: Ex Ministro de Defensa Nacional
A125: 124 | B125: S/P | C125: Sin precedencia nacional directa en el PDF; revisar manualmente | D125: OPA | E125: Subsecretario | F125: VIP | G125: Carvajal Madariaga, Bárbara | H125: Bárbara | I125: Carvajal | J125: Madariaga | K125: Pendiente | L125: Jefa de Gabinete Subsecretario para las Ff.aa.
A126: 125 | B126: S/P | C126: Sin precedencia nacional directa en el PDF; revisar manualmente | D126: OPA | F126: VIP | G126: Codina Díaz, Rodolfo | H126: Rodolfo | I126: Codina | J126: Díaz | K126: Pendiente | L126: Ex - Comandante en Jefe de la Armada
A127: 126 | D127: OPA | F127: VIP | H127: Catalina | I127: Ugarte | J127: Millán | K127: Pendiente | L127: Jefe Gabinete Precidencial
A128: 127 | B128: S/P | C128: Sin precedencia nacional directa en el PDF; revisar manualmente | D128: OPA | F128: VIP | G128: Coopman Corral, Javier | H128: Javier | I128: Coopman | J128: Corral | K128: Pendiente | L128: Jefe Gabinete Ministro de Defensa
A129: 128 | B129: S/P | C129: Sin precedencia nacional directa en el PDF; revisar manualmente | D129: OPA | F129: VIP | G129: Coronado, Carla | H129: Carla | I129: Coronado | K129: Pendiente | L129: Asesora Ministerio Consejo Directivo de Construcción Naval
A130: 129 | B130: S/P | C130: Sin precedencia nacional directa en el PDF; revisar manualmente | D130: OPA | F130: VIP | G130: De la Maza Larraín, Juan Andrés | H130: Juan Andrés | I130: De la Maza | J130: Larraín | K130: NO | L130: Ex - Comandante en Jefe de la Armada
A131: 130 | B131: S/P | C131: Sin precedencia nacional directa en el PDF; revisar manualmente | D131: OPA | E131: Subsecretario | F131: VIP | G131: De la Maza Riquelme, Cristián | H131: Cristián | I131: De la Maza | J131: Riquelme | K131: Pendiente | L131: Ex Subsecretario de Defensa
A132: 131 | B132: S/P | C132: Sin precedencia nacional directa en el PDF; revisar manualmente | D132: OPA | F132: VIP | G132: Delpiano Puelma, Adriana | H132: Adriana | I132: Delpiano | J132: Puelma | K132: Pendiente | L132: Ex Ministra de Defensa
A133: 132 | B133: S/P | C133: Sin precedencia nacional directa en el PDF; revisar manualmente | D133: OPA | F133: VIP | G133: Espinoza Martin, Rodrigo | H133: Rodrigo | I133: Espinoza | J133: Martin | K133: Pendiente | L133: Jefmayor
A134: 133 | B134: S/P | C134: Sin precedencia nacional directa en el PDF; revisar manualmente | D134: OPA | F134: VIP | G134: González Robles, Edmundo | H134: Edmundo | I134: González | J134: Robles | K134: Pendiente | L134: Ex - Comandante en Jefe de la Armada
A135: 134 | B135: S/P | C135: Sin precedencia nacional directa en el PDF; revisar manualmente | D135: OPA | F135: VIP | G135: Irarrázabal Alfonso, Alejandro | H135: Alejandro | I135: Irarrázabal | J135: Alfonso | K135: Pendiente | L135: Jefe Asesor Presidencial
A136: 135 | B136: S/P | C136: Sin precedencia nacional directa en el PDF; revisar manualmente | D136: OPA | F136: VIP | G136: Jackson Zamora, Cyril | H136: Cyril | I136: Jackson | J136: Zamora | K136: Pendiente | L136: Jefmayor
A137: 136 | B137: S/P | C137: Sin precedencia nacional directa en el PDF; revisar manualmente | D137: OPA | F137: VIP | G137: Larrañaga Martin, Enrique | H137: Enrique | I137: Larrañaga | J137: Martin | K137: Pendiente | L137: Ex - Comandante en Jefe de la Armada
A138: 137 | B138: S/P | C138: Sin precedencia nacional directa en el PDF; revisar manualmente | D138: OPA | F138: VIP | G138: Larrañaga Martin, Marcela | H138: Marcela | I138: Larrañaga | J138: Martin | K138: Pendiente | L138: Madrina
A139: 138 | B139: S/P | C139: Sin precedencia nacional directa en el PDF; revisar manualmente | D139: OPA | F139: VIP | G139: Leiva Molina, Julio | H139: Julio | I139: Leiva | J139: Molina | K139: SI | L139: Ex - Comandante en Jefe de la Armada
A140: 139 | B140: S/P | C140: Sin precedencia nacional directa en el PDF; revisar manualmente | D140: OPA | E140: Subsecretario | F140: VIP | G140: Lira, Pablo | H140: Pablo | I140: Lira | K140: Pendiente | L140: Jefe Gabinete Subsecretario de Defensa
A141: 140 | B141: S/P | C141: Sin precedencia nacional directa en el PDF; revisar manualmente | D141: OPA | F141: VIP | G141: Vergara Villalobos, Miguel Ángel | H141: Miguel Ángel | I141: Vergara | J141: Villalobos | K141: NO | L141: Ex - Comandante en Jefe de la Armada
A142: 141 | D142: OPA | F142: VIP | G142: Fernández Allende, Maya | H142: Maya | I142: Fernández | J142: Allende | K142: Pendiente | L142: Ex Ministra de Defensa
A143: 142 | B143: S/P | C143: Resto de fuentes / orden original del Maestro: ACADÉMICOS | D143: Académicos | E143: Rector | F143: Académicos | K143: Pendiente | L143: Rector Universidad Católica de la Santísima Concepción
A144: 143 | B144: S/P | C144: Resto de fuentes / orden original del Maestro: ACADÉMICOS | D144: Académicos | E144: Rector | F144: Académicos | G144: Umaña Hermosilla, Benito | H144: Benito | I144: Umaña | J144: Hermosilla | K144: Pendiente | L144: Rector
A145: 144 | B145: S/P | C145: Resto de fuentes / orden original del Maestro: ACADÉMICOS | D145: Académicos | E145: Rector | F145: Académicos | G145: Gonzälez Correa, Carlos | H145: Carlos | I145: Gonzälez | J145: Correa | K145: Pendiente | L145: Vicerrector
A146: 145 | B146: S/P | C146: Resto de fuentes / orden original del Maestro: ACADÉMICOS | D146: Académicos | E146: Rector | F146: Académicos | G146: Concha Navalón, Claudio | H146: Claudio | I146: Concha | J146: Navalón | K146: Pendiente | L146: Vicerrector
A147: 146 | B147: S/P | C147: Resto de fuentes / orden original del Maestro: ACADÉMICOS | D147: Académicos | E147: Rector | F147: Académicos | G147: Aracena Cuellar, Eduardo | H147: Eduardo | I147: Aracena | J147: Cuellar | K147: Pendiente | L147: Director Universidad Santa María Sede Concepción
A148: 147 | B148: S/P | C148: Resto de fuentes / orden original del Maestro: ACADÉMICOS | D148: Académicos | E148: Rector | F148: Académicos | G148: Valdés Lafontaine, Federico | H148: Federico | I148: Valdés | J148: Lafontaine | K148: Pendiente | L148: Rector U.d.d. Sede Concepción
A149: 148 | B149: S/P | C149: Resto de fuentes / orden original del Maestro: ACADÉMICOS | D149: Académicos | E149: Rector | F149: Académicos | G149: Jofré Manieu, Florencia | H149: Florencia | I149: Jofré | J149: Manieu | K149: Pendiente | L149: Vicerrectora
A150: 149 | B150: S/P | C150: Resto de fuentes / orden original del Maestro: ACADÉMICOS | D150: Académicos | E150: Rector | F150: Académicos | G150: Monks Ruiz, Henry | H150: Henry | I150: Monks | J150: Ruiz | K150: Pendiente | L150: Vice-Rector Inacap
A151: 150 | B151: S/P | C151: Resto de fuentes / orden original del Maestro: ACADÉMICOS | D151: Académicos | E151: Rector | F151: Académicos | G151: Carpinelli, Jorge | H151: Jorge | I151: Carpinelli | K151: Pendiente | L151: Director de Innovación y Trasnferencia Tecnológica Unab
A152: 151 | B152: S/P | C152: Resto de fuentes / orden original del Maestro: ACADÉMICOS | D152: Académicos | E152: Rector | F152: Académicos | G152: Fuentealba Tapia, Jorge | H152: Jorge | I152: Fuentealba | J152: Tapia | K152: Pendiente | L152: Director Duoc Uc Sede San Andrés de Concepción
A153: 152 | B153: S/P | C153: Resto de fuentes / orden original del Maestro: ACADÉMICOS | D153: Académicos | E153: Rector | F153: Académicos | G153: Sabag Villalobos, Jorge | H153: Jorge | I153: Sabag | J153: Villalobos | K153: Pendiente | L153: Vicerrector Universidad San Sebastían Sede Tres Pascuales
A154: 153 | B154: S/P | C154: Resto de fuentes / orden original del Maestro: ACADÉMICOS | D154: Académicos | E154: Rector | F154: Académicos | G154: Dorner González, José | H154: José | I154: Dorner | J154: González | K154: Pendiente | L154: Rector
A155: 154 | B155: S/P | C155: Resto de fuentes / orden original del Maestro: ACADÉMICOS | D155: Académicos | F155: Académicos | G155: Rodríguez Pérez, José | H155: José | I155: Rodríguez | J155: Pérez | K155: Pendiente | L155: Universidad San Sebastían
A156: 155 | B156: S/P | C156: Resto de fuentes / orden original del Maestro: ACADÉMICOS | D156: Académicos | E156: Rector | F156: Académicos | G156: Hormazábal, Paz | H156: Paz | I156: Hormazábal | K156: Pendiente | L156: Vicerrectora
...

Sheet CONTROL ASISTENCIA
A1: CONTROL DE ASISTENCIA POR FUENTE
A2: FUENTE | B2: TOTAL INVITADOS | C2: SI | D2: NO | E2: PENDIENTES
A3: OPA | B3: =COUNTIF(MAESTRO!$D$2:$D$416,A3) | C3: =COUNTIFS(MAESTRO!$D$2:$D$416,A3,MAESTRO!$K$2:$K$416,"SI") | D3: =COUNTIFS(MAESTRO!$D$2:$D$416,A3,MAESTRO!$K$2:$K$416,"NO") | E3: =B3-C3-D3
A4: Académicos | B4: =COUNTIF(MAESTRO!$D$2:$D$416,A4) | C4: =COUNTIFS(MAESTRO!$D$2:$D$416,A4,MAESTRO!$K$2:$K$416,"SI") | D4: =COUNTIFS(MAESTRO!$D$2:$D$416,A4,MAESTRO!$K$2:$K$416,"NO") | E4: =B4-C4-D4
A5: ASMAR Dirección | B5: =COUNTIF(MAESTRO!$D$2:$D$416,A5) | C5: =COUNTIFS(MAESTRO!$D$2:$D$416,A5,MAESTRO!$K$2:$K$416,"SI") | D5: =COUNTIFS(MAESTRO!$D$2:$D$416,A5,MAESTRO!$K$2:$K$416,"NO") | E5: =B5-C5-D5
A6: ASMARTALC | B6: =COUNTIF(MAESTRO!$D$2:$D$416,A6) | C6: =COUNTIFS(MAESTRO!$D$2:$D$416,A6,MAESTRO!$K$2:$K$416,"SI") | D6: =COUNTIFS(MAESTRO!$D$2:$D$416,A6,MAESTRO!$K$2:$K$416,"NO") | E6: =B6-C6-D6
A7: Civiles | B7: =COUNTIF(MAESTRO!$D$2:$D$416,A7) | C7: =COUNTIFS(MAESTRO!$D$2:$D$416,A7,MAESTRO!$K$2:$K$416,"SI") | D7: =COUNTIFS(MAESTRO!$D$2:$D$416,A7,MAESTRO!$K$2:$K$416,"NO") | E7: =B7-C7-D7
A8: Militares | B8: =COUNTIF(MAESTRO!$D$2:$D$416,A8) | C8: =COUNTIFS(MAESTRO!$D$2:$D$416,A8,MAESTRO!$K$2:$K$416,"SI") | D8: =COUNTIFS(MAESTRO!$D$2:$D$416,A8,MAESTRO!$K$2:$K$416,"NO") | E8: =B8-C8-D8
A9: Proveedores | B9: =COUNTIF(MAESTRO!$D$2:$D$416,A9) | C9: =COUNTIFS(MAESTRO!$D$2:$D$416,A9,MAESTRO!$K$2:$K$416,"SI") | D9: =COUNTIFS(MAESTRO!$D$2:$D$416,A9,MAESTRO!$K$2:$K$416,"NO") | E9: =B9-C9-D9
A10: TOTAL GENERAL | B10: =SUM(B3:B9) | C10: =SUM(C3:C9) | D10: =SUM(D3:D9) | E10: =SUM(E3:E9)
